 Dungeon Crawl Stone Soup version 0.28.0-45-g0d030f2227 (webtiles) character file.

Game seed: 2644518592307120479

189 Zeld the Gusty (level 5, -6/28 HPs)
             Began as a Tengu Air Elementalist on Apr 2, 2022.
             Mangled by a wyvern skeleton (12 damage)
             ... on level 4 of the Dungeon.
             The game lasted 00:05:50 (5280 turns).

Zeld the Gusty (Tengu Air Elementalist)             Turns: 5280, Time: 00:05:51

Health: -6/28      AC:  2    Str:  8    XL:     5   Next: 68%
Magic:  6/10       EV: 15    Int: 18    God:
Gold:   59         SH:  0    Dex: 14    Spells: 0/10 levels left

rFire   . . .      SeeInvis .   (no weapon)
rCold   . . .      Faith    .   (no shield)
rNeg    . . .      Spirit   .   a - +0 robe
rPois   .          Reflect  .   (helmet restricted)
rElec   .          Harm     .   (no cloak)
rCorr   .          Rampage  .   (no gloves)
Will    .....                   (boots unavailable)
Stlth   ++........              (no amulet)
HPRegen 0.09/turn               (no ring)
MPRegen 0.12/turn               (no ring)

@: flying quickly and evasively, quick
A: beak, talons 3, nimble flight
a: no special abilities


You were on level 4 of the Dungeon.
You visited 1 branch of the dungeon, and saw 4 of its levels.

You collected 59 gold pieces.

Inventory:

Armour
 a - a +0 robe (worn)
Wands
 l - a wand of flame (30)
Scrolls
 b - 2 scrolls of fog {unknown}
 c - 2 scrolls of amnesia {unknown}
 e - a scroll of identify {unknown}
 g - a scroll of immolation {unknown}
 h - 3 scrolls of teleportation {unknown}
 i - a scroll of holy word {unknown}
 k - 2 scrolls of fear {unknown}
Potions
 d - 2 potions of curing {unknown}
 f - a potion of haste {unknown}
 j - a potion of magic {unknown}


   Skills:
 - Level 3.0 Dodging
 - Level 3.0 Stealth
 * Level 3.2 Spellcasting
 + Level 2.9 Conjurations
 * Level 5.5 Air Magic


You couldn't memorise any spells.
You knew the following spells:

 Your Spells              Type           Power      Damage    Failure   Level
a - Shock                 Conj/Air       72%        1d7       2%          1
b - Static Discharge      Conj/Air       18%        N/A       4%          2
c - Swiftness             Air            22%        N/A       4%          3
d - Airstrike             Air            11%        N/A       17%         4

Your spell library contained the following spells:

 Spells                   Type           Power      Damage    Failure   Level


Dungeon Overview and Level Annotations

Branches:
Dungeon (4/15)
 Temple: D:4-7

Altars:
Xom

Annotations:
D:3 1 transporter, Eryx's ghost, amateur DrGl


Innate Abilities, Weirdness & Mutations

You have a beak for a mouth.
You have claws for feet.
Your magical nature lets you fly swiftly and evasively.


Message History

Training target 3.0 for Dodging reached!
Your Dodging skill increases to level 3!
Your Stealth skill increases to level 3!
Unknown command.
Casting: Airstrike (extremely dangerous; 17% risk of failure)
Confirm with . or Enter, or press ? or * to list all spells.
The wyvern skeleton is struck by an arc of lightning.
The wyvern skeleton is severely damaged.
You are struck by an arc of lightning.
The lightning grounds out.
The wyvern skeleton misses you.
There are no items here.
The wyvern skeleton misses you.
You fly upwards.
Level annotation: 1 transporter, Eryx's ghost, amateur DrGl
There is a stone staircase leading down here.
You start resting.
Magic restored.
You start resting.
HP restored.
You start waiting.
Done waiting.
You fly downwards.
The wyvern skeleton closely misses you. The wyvern skeleton misses you.
There is a stone staircase leading up here.
Casting: Static Discharge (safe; 4% risk of failure)
Confirm with . or Enter, or press ? or * to list all spells.
The wyvern skeleton is struck by an arc of lightning.
The wyvern skeleton is severely damaged.
You are struck by an arc of lightning.
The lightning grounds out.
The wyvern skeleton bites you. The wyvern skeleton bites you!
Ouch! That really hurt!
* * * LOW HITPOINT WARNING * * *
Casting: Static Discharge (safe; 4% risk of failure)
Confirm with . or Enter, or press ? or * to list all spells.
The wyvern skeleton is struck by an arc of lightning.
The wyvern skeleton is severely damaged.
You are struck by an arc of lightning.
* * * LOW HITPOINT WARNING * * *
The lightning grounds out.
The wyvern skeleton bites you!
You die...

#..≈≈≈≈≈≈..#
#..≈≈.>≈≈..#
#..≈≈_.≈≈..#
#..≈≈≈≈≈≈..#
#..≈≈≈≈≈≈.>.
#.÷.........
#.#.........
###Z..........
#######.@...........
###.......#>..........
##...#######.###.<.#...
#..#..###...(..........
#.#.......†.####....#..
#.........### ....# .
.............# ....#
#....................
.........###.####


You could see a wyvern skeleton.

Vanquished Creatures
  A hound (D:4)
  A centaur skeleton (D:3)
  An iguana (D:3)
  3 adders
  A worm (D:2)
  2 dart slugs
  3 ball pythons
  4 bats
  7 endoplasms
  5 giant cockroaches
  7 hobgoblins
  3 jackals (D:2)
  2 quokkas (D:3)
  3 frilled lizards
  11 goblins
  9 kobolds
  2 rats
65 creatures vanquished.

Notes
Turn   | Place    | Note
-------+----------+-------------------------------------------
     0 | D:1      | Zeld the Tengu Air Elementalist began the quest for the
                  | Orb.
     0 | D:1      | Reached XP level 1. HP: 10/10 MP: 4/4
   283 | D:1      | Reached XP level 2. HP: 15/15 MP: 0/6
   904 | D:2      | Reached XP level 3. HP: 19/19 MP: 2/7
   907 | D:2      | Learned a level 2 spell: Static Discharge
   911 | D:2      | Learned a level 3 spell: Swiftness
  1963 | D:3      | Reached XP level 4. HP: 12/24 MP: 0/9
  2127 | D:3      | Reached skill level 5 in Air Magic
  2558 | D:3      | Gained mutation: Your magical nature lets you fly swiftly
                  | and evasively. [Tengu growth]
  2558 | D:3      | Reached XP level 5. HP: 15/28 MP: 0/10
  2563 | D:3      | Learned a level 4 spell: Airstrike
  2745 | D:3      | Found a faded altar of an unknown god.
  3048 | D:3      | Noticed Eryx's ghost (amateur DrGl)
  3048 | D:3      | Noticed an ogre
  3048 | D:3      | Noticed an ogre
  3049 | D:3      | Found a transporter.
  4701 | D:4      | Found a shimmering altar of Xom.
  5280 | D:4      | Mangled by a wyvern skeleton

Illustrated notes

Levels and vault maps discovered:
D:1:      psy_arrival_fountain, layout_rooms
D:2:      layout_loops_ring
D:3:      layout_basic, gammafunk_ghost_smash,
          dreamdust_ecumenical_altar_angels_and_demons
D:4:      layout_rooms, general_overflow_altar, temple_doors_cd,
          nrook_mini_backslash, minmay_unequal

Skill      XL: |  1  2  3  4  5 |
---------------+----------------+-----
Conjurations   | 2 |  2.9
Air Magic      | 5 |  5.5
Spellcasting   | 3 |  3.2
Dodging        | 3 |  3.0
Stealth        | 3 |  3.0

Action                   |  1- 3 |  4- 6 || total
-------------------------+-------+-------++-------
Melee: Unarmed           |    10 |    27 ||    37
       Kick              |     2 |    11 ||    13
       Peck              |     1 |     2 ||     3
 Cast: Shock             |    89 |    30 ||   119
       Static Discharge  |     1 |    13 ||    14
       Airstrike         |       |     1 ||     1
 Stab: Sleeping          |       |     1 ||     1
Armor: Robe              |     5 |     4 ||     9
Dodge: Dodged            |    11 |    51 ||    62
